[ AOE2 MATCH · #474956595 ]
UnrankedWei vs Mongols
[ REPLAY ANALYSIS · EXTRACTED FROM THE RECORDED GAME ]
Feudal
—
Castle
—
Imperial
—
| APM avg | 10.0 |
| APM peak | 42 |
| eAPM avg | 7.1 |
| Villagers / military | 23 / 0 |
Focus
⚔️ 37.9% · 🌾 62.1%
Unknown (1944) ×19
Feudal
—
Castle
11:27
Imperial
—
| APM avg | 40.2 |
| APM peak | 69 |
| eAPM avg | 18.8 |
| Villagers / military | 85 / 90 |
Focus
⚔️ 38.4% · 🌾 61.6%
Scout Cavalry ×63 · Mangudai ×21 · Fishing Ship ×12 · Demolition Raft ×6
Feudal
—
Castle
11:51
Imperial
—
| APM avg | 8.0 |
| APM peak | 17 |
| eAPM avg | 6.6 |
| Villagers / military | 37 / 16 |
Focus
⚔️ 26.6% · 🌾 73.4%
Spearman ×13 · Camel Scout ×3 · Trade Cart ×1
Feudal
—
Castle
11:15
Imperial
25:09
| APM avg | 14.3 |
| APM peak | 30 |
| eAPM avg | 10.9 |
| Villagers / military | 47 / 90 |
Focus
⚔️ 44.9% · 🌾 55.1%
Knight ×42 · Spearman ×22 · Skirmisher ×15 · Battering Ram ×5 · Bombard Cannon ×3 · Monk ×2
Feudal
—
Castle
9:00
Imperial
—
| APM avg | 29.2 |
| APM peak | 75 |
| eAPM avg | 9.4 |
| Villagers / military | 74 / 57 |
Focus
⚔️ 32.5% · 🌾 67.5%
Cavalry Archer ×38 · Spearman ×13 · Monk ×5 · Scout Cavalry ×1
Feudal
—
Castle
10:46
Imperial
25:12
| APM avg | 11.8 |
| APM peak | 23 |
| eAPM avg | 9.9 |
| Villagers / military | 58 / 86 |
Focus
⚔️ 23.8% · 🌾 76.2%
Karambit Warrior ×53 · Fishing Ship ×31 · Battle Elephant ×25 · Trebuchet (Packed) ×5 · Monk ×3
Match map
Initial resources + every placement click. Lines = walls · curves = elevation contours. ◆ gold · ⬟ stone · ● berries · ✦ relic · ◌ wall gap
Your base· Open — 4t gap
FerDiehl's base· Open — unwalled flank
confusedmormon's base· Open — unwalled flank
2100's base· Open — unwalled flank
oaoaoa1986's base· Open — unwalled flank
大D's base· Open — 4t gap
Smoothed initial terrain · ◌ = detected wall gap · hover for details
Inputs per minute
— EricRam7475 - - FerDiehl
Build order — EricRam7475
97 actions detected in the replay
| 1:22 | Research | Wheelbarrow |
| 1:22 | Research | Town Watch |
| 1:24 | Create | Villager (Male) |
| 1:50 | Research | Double-Bit Axe |
| 2:19 | Research | Horse Collar |
| 2:36 | Create | Villager (Male) |
| 2:57 | Create | Villager (Male) |
| 3:14 | Build | House |
| 3:15 | Build | House |
| 3:28 | Build | House |
| 3:30 | Build | House |
| 3:32 | Build | House |
| 3:35 | Build | House |
| 3:37 | Build | House |
| 3:39 | Build | House |
| 3:41 | Build | House |
| 4:03 | Build | Stable |
| 4:13 | Research | Gold Mining |
| 4:15 | Research | Stone Mining |
| 4:38 | Build | Lumber Camp |
| 5:04 | Build | Farm |
| 5:18 | Build | Farm |
| 5:24 | Build | Farm |
| 5:50 | Build | Farm |
| 5:59 | Create | Villager (Male) |
| 5:59 | Create | Villager (Male) |
| 6:00 | Create | Villager (Male) |
| 6:00 | Create | Villager (Male) |
| 6:00 | Create | Villager (Male) |
| 6:00 | Create | Villager (Male) |
| 6:01 | Create | Villager (Male) |
| 6:47 | Build | Market |
| 7:05 | Build | Farm |
| 7:30 | Build | Farm |
| 7:47 | Build | Farm |
| 7:50 | Build | Farm |
| 7:54 | Build | Farm |
| 7:59 | Build | Farm |
| 8:03 | Build | Farm |
| 8:36 | Build | Market |
| 8:50 | Build | Farm |
| 8:56 | Research | Castle Age |
| 9:06 | Research | Forging |
| 9:07 | Research | Scale Mail Armor |
| 9:08 | Research | Padded Archer Armor |
| 9:15 | Research | Scale Barding Armor |
| 9:53 | Research | Arson |
| 10:06 | Build | Watch Tower |
| 10:47 | Build | Watch Tower |
| 11:31 | Build | Watch Tower |
| 12:27 | Build | Watch Tower |
| 13:34 | Build | Watch Tower |
| 14:45 | Research | Heavy Plow |
| 15:56 | Build | Market |
| 17:11 | Build | Lumber Camp |
| 17:21 | Research | Town Patrol |
| 17:29 | Research | Husbandry |
| 17:56 | Create | Villager (Male) |
| 17:56 | Create | Villager (Male) |
| 18:25 | Create | Unit 1944 |
| 18:25 | Create | Unit 1944 |
| 18:56 | Build | Lumber Camp |
| 19:17 | Build | Mining Camp |
| 19:20 | Create | Villager (Male) |
| 19:21 | Create | Villager (Male) |
| 19:21 | Create | Villager (Male) |
| 19:21 | Create | Villager (Male) |
| 19:32 | Create | Unit 1944 |
| 19:55 | Create | Villager (Male) |
| 19:55 | Create | Villager (Male) |
| 21:06 | Create | Unit 1944 |
| 21:06 | Create | Unit 1944 |
| 21:06 | Create | Unit 1944 |
| 21:06 | Create | Unit 1944 |
| 21:07 | Create | Unit 1944 |
| 21:37 | Build | Watch Tower |
| 22:16 | Create | Unit 1944 |
| 22:16 | Create | Unit 1944 |
| 22:17 | Create | Unit 1944 |
| 22:59 | Create | Villager (Male) |
| 22:59 | Create | Villager (Male) |
| 23:00 | Create | Villager (Male) |
| 23:00 | Create | Villager (Male) |
| 23:00 | Create | Villager (Male) |
| 23:25 | Create | Unit 1944 |
| 23:26 | Create | Unit 1944 |
| 23:26 | Create | Unit 1944 |
| 24:40 | Create | Unit 1944 |
| 24:41 | Create | Unit 1944 |
| 24:41 | Create | Unit 1944 |
| 24:41 | Create | Unit 1944 |
| 25:57 | Build | Town Center |
| 26:23 | Build | Town Center |
| 26:38 | Build | Stable |
| 26:45 | Build | Stable |
| 27:27 | Create | Unit 1944 |
| 28:13 | Build | Town Center |
Build order — FerDiehl
First 150 of 273 actions detected
| 0:02 | Create | Villager (Male) |
| 0:02 | Create | Villager (Male) |
| 0:07 | Create | Villager (Male) |
| 0:15 | Research | Double-Bit Axe |
| 0:32 | Build | Stable |
| 0:36 | Build | House |
| 0:45 | Build | Palisade Wall |
| 0:47 | Create | Villager (Male) |
| 0:47 | Research | Town Watch |
| 0:50 | Create | Villager (Male) |
| 1:02 | Build | House |
| 1:05 | Create | Villager (Male) |
| 1:38 | Create | Villager (Male) |
| 1:40 | Create | Villager (Male) |
| 1:42 | Create | Scout Cavalry |
| 1:56 | Build | Palisade Wall |
| 2:00 | Build | House |
| 2:06 | Build | House |
| 2:07 | Create | Villager (Male) |
| 2:09 | Create | Scout Cavalry |
| 2:17 | Build | Farm |
| 2:23 | Build | Farm |
| 2:32 | Build | Farm |
| 2:35 | Build | Farm |
| 2:42 | Build | Farm |
| 2:43 | Create | Scout Cavalry |
| 2:49 | Create | Scout Cavalry |
| 3:18 | Research | Forging |
| 3:26 | Create | Villager (Male) |
| 3:34 | Build | Mill |
| 3:42 | Create | Scout Cavalry |
| 3:51 | Create | Villager (Male) |
| 4:14 | Build | Farm |
| 4:14 | Build | Farm |
| 4:14 | Build | Farm |
| 4:14 | Build | Farm |
| 4:15 | Build | Farm |
| 4:15 | Build | Farm |
| 4:16 | Create | Scout Cavalry |
| 4:41 | Research | Scale Barding Armor |
| 4:52 | Build | Farm |
| 4:54 | Create | Villager (Male) |
| 4:59 | Create | Scout Cavalry |
| 5:29 | Create | Scout Cavalry |
| 5:31 | Research | Bloodlines |
| 5:47 | Create | Villager (Male) |
| 5:48 | Create | Villager (Male) |
| 6:03 | Create | Villager (Male) |
| 6:04 | Create | Scout Cavalry |
| 6:17 | Build | Dock |
| 6:55 | Create | Villager (Male) |
| 7:00 | Create | Scout Cavalry |
| 7:10 | Create | Scout Cavalry |
| 7:11 | Create | Villager (Male) |
| 7:12 | Create | Scout Cavalry |
| 7:19 | Create | Scout Cavalry |
| 7:20 | Create | Villager (Male) |
| 7:25 | Build | House |
| 7:28 | Build | Palisade Wall |
| 7:31 | Build | Palisade Wall |
| 7:39 | Create | Scout Cavalry |
| 7:42 | Create | Scout Cavalry |
| 8:02 | Create | Scout Cavalry |
| 8:16 | Create | Villager (Male) |
| 8:17 | Create | Villager (Male) |
| 8:23 | Create | Scout Cavalry |
| 8:26 | Create | Villager (Male) |
| 8:27 | Create | Scout Cavalry |
| 8:34 | Build | Mining Camp |
| 8:35 | Create | Villager (Male) |
| 8:38 | Build | Farm |
| 8:38 | Build | Farm |
| 8:38 | Build | Farm |
| 8:43 | Build | Farm |
| 8:47 | Research | Castle Age |
| 8:59 | Create | Villager (Male) |
| 9:00 | Create | Scout Cavalry |
| 9:25 | Create | Villager (Male) |
| 9:41 | Create | Demolition Raft |
| 9:41 | Create | Demolition Raft |
| 9:49 | Create | Fishing Ship |
| 9:50 | Create | Fishing Ship |
| 9:55 | Build | Lumber Camp |
| 10:07 | Create | Scout Cavalry |
| 10:07 | Create | Scout Cavalry |
| 10:17 | Create | Scout Cavalry |
| 10:20 | Research | Stone Mining |
| 10:49 | Create | Scout Cavalry |
| 10:49 | Create | Scout Cavalry |
| 11:10 | Create | Scout Cavalry |
| 11:13 | Create | Scout Cavalry |
| 11:26 | Create | Scout Cavalry |
| 11:27 | Age | Castle Age |
| 11:32 | Build | Castle |
| 11:48 | Create | Demolition Raft |
| 11:48 | Create | Demolition Raft |
| 11:54 | Research | Light Cavalry (upgrade) |
| 11:57 | Research | Husbandry |
| 12:12 | Build | Market |
| 12:19 | Create | Scout Cavalry |
| 12:39 | Create | Villager (Male) |
| 12:39 | Create | Villager (Male) |
| 12:41 | Create | Villager (Male) |
| 12:50 | Build | Town Center |
| 12:51 | Create | Villager (Male) |
| 12:51 | Create | Villager (Male) |
| 13:07 | Create | Scout Cavalry |
| 13:14 | Create | Villager (Male) |
| 13:19 | Research | Wheelbarrow |
| 13:23 | Build | House |
| 13:24 | Build | House |
| 13:24 | Build | House |
| 13:31 | Build | House |
| 13:32 | Create | Villager (Male) |
| 13:35 | Research | Gold Mining |
| 14:06 | Create | Villager (Male) |
| 14:10 | Build | Farm |
| 14:12 | Create | Villager (Male) |
| 14:18 | Create | Scout Cavalry |
| 14:19 | Create | Scout Cavalry |
| 14:29 | Create | Scout Cavalry |
| 15:05 | Create | Scout Cavalry |
| 15:05 | Create | Scout Cavalry |
| 15:07 | Create | Villager (Male) |
| 15:13 | Create | Mangudai |
| 15:13 | Create | Mangudai |
| 15:37 | Create | Scout Cavalry |
| 15:39 | Create | Villager (Male) |
| 15:39 | Create | Villager (Male) |
| 15:42 | Build | Mining Camp |
| 15:43 | Create | Villager (Male) |
| 15:44 | Create | Villager (Male) |
| 15:57 | Create | Mangudai |
| 15:59 | Create | Mangudai |
| 16:15 | Create | Villager (Male) |
| 16:16 | Create | Scout Cavalry |
| 16:16 | Create | Scout Cavalry |
| 16:24 | Build | Farm |
| 16:26 | Build | Farm |
| 16:33 | Research | Hand Cart |
| 16:42 | Create | Scout Cavalry |
| 16:48 | Create | Scout Cavalry |
| 16:49 | Create | Mangudai |
| 17:00 | Create | Villager (Male) |
| 17:09 | Create | Villager (Male) |
| 17:09 | Create | Villager (Male) |
| 17:46 | Research | Chain Barding Armor |
| 17:54 | Create | Villager (Male) |
| 17:54 | Create | Villager (Male) |
| 17:57 | Create | Demolition Raft |
Build order — confusedmormon
98 actions detected in the replay
| 0:06 | Create | Villager (Male) |
| 0:07 | Research | Town Watch |
| 0:08 | Create | Villager (Male) |
| 0:44 | Build | Stone Wall |
| 0:57 | Create | Villager (Male) |
| 1:13 | Build | Stone Wall |
| 1:17 | Build | Gate |
| 1:23 | Build | Stone Wall |
| 1:29 | Create | Villager (Male) |
| 1:29 | Create | Villager (Male) |
| 1:33 | Create | Spearman |
| 1:34 | Create | Spearman |
| 1:34 | Create | Spearman |
| 1:40 | Build | Farm |
| 1:51 | Build | Farm |
| 1:57 | Create | Villager (Male) |
| 2:07 | Build | House |
| 2:10 | Build | House |
| 2:18 | Build | Farm |
| 2:47 | Build | Stone Wall |
| 3:10 | Create | Spearman |
| 3:11 | Create | Spearman |
| 3:30 | Create | Villager (Male) |
| 3:30 | Create | Villager (Male) |
| 3:37 | Build | Mining Camp |
| 3:43 | Create | Spearman |
| 3:46 | Research | Scale Mail Armor |
| 3:48 | Research | Fletching |
| 4:17 | Build | Farm |
| 5:07 | Build | Mining Camp |
| 5:15 | Build | Lumber Camp |
| 5:35 | Create | Villager (Male) |
| 5:35 | Create | Villager (Male) |
| 7:22 | Build | Mining Camp |
| 7:43 | Build | Lumber Camp |
| 8:37 | Build | Stable |
| 9:11 | Research | Castle Age |
| 10:09 | Create | Spearman |
| 10:09 | Create | Spearman |
| 11:51 | Age | Castle Age |
| 11:53 | Research | Pikeman (upgrade) |
| 12:27 | Build | Town Center |
| 12:47 | Build | Town Center |
| 12:56 | Create | Villager (Male) |
| 12:56 | Create | Villager (Male) |
| 13:11 | Create | Camel Scout |
| 13:59 | Build | Farm |
| 14:17 | Create | Villager (Male) |
| 14:17 | Create | Villager (Male) |
| 14:17 | Create | Villager (Male) |
| 14:46 | Build | Farm |
| 15:03 | Create | Villager (Male) |
| 15:04 | Create | Villager (Male) |
| 15:04 | Create | Villager (Male) |
| 15:11 | Build | Farm |
| 15:21 | Create | Camel Scout |
| 15:37 | Build | Farm |
| 15:51 | Create | Camel Scout |
| 16:18 | Build | Farm |
| 16:21 | Create | Villager (Male) |
| 16:21 | Create | Villager (Male) |
| 16:21 | Create | Villager (Male) |
| 16:52 | Create | Villager (Male) |
| 16:52 | Create | Villager (Male) |
| 16:59 | Build | Farm |
| 17:18 | Build | Farm |
| 17:26 | Create | Villager (Male) |
| 17:41 | Build | Farm |
| 17:55 | Build | Farm |
| 18:17 | Research | Scale Barding Armor |
| 18:49 | Research | Double-Bit Axe |
| 19:19 | Create | Villager (Male) |
| 19:20 | Create | Villager (Male) |
| 19:56 | Build | Market |
| 20:21 | Research | Horse Collar |
| 20:40 | Research | Bodkin Arrow |
| 21:23 | Research | Padded Archer Armor |
| 21:34 | Build | Archery Range |
| 21:38 | Create | Villager (Male) |
| 21:38 | Create | Villager (Male) |
| 22:02 | Create | Spearman |
| 22:02 | Create | Spearman |
| 22:03 | Create | Spearman |
| 22:03 | Create | Spearman |
| 22:03 | Create | Spearman |
| 23:34 | Build | Farm |
| 24:02 | Research | Wheelbarrow |
| 24:04 | Create | Villager (Male) |
| 24:58 | Build | Castle |
| 25:04 | Create | Villager (Male) |
| 25:04 | Create | Villager (Male) |
| 25:41 | Create | Villager (Male) |
| 25:41 | Create | Villager (Male) |
| 26:06 | Create | Villager (Male) |
| 26:07 | Create | Villager (Male) |
| 26:29 | Create | Trade Cart |
| 27:07 | Create | Villager (Male) |
| 27:07 | Create | Villager (Male) |
Build order — 2100
First 150 of 228 actions detected
| 0:16 | Create | Villager (Male) |
| 0:16 | Create | Villager (Male) |
| 0:16 | Create | Villager (Male) |
| 0:17 | Create | Villager (Male) |
| 0:17 | Create | Villager (Male) |
| 0:17 | Create | Villager (Male) |
| 0:39 | Build | Farm |
| 0:48 | Build | Farm |
| 0:57 | Build | Farm |
| 1:02 | Build | House |
| 1:09 | Build | Farm |
| 1:15 | Build | Farm |
| 1:19 | Build | House |
| 1:34 | Create | Villager (Male) |
| 1:45 | Build | Farm |
| 1:52 | Build | House |
| 2:03 | Build | Archery Range |
| 2:15 | Build | Archery Range |
| 2:21 | Create | Villager (Male) |
| 2:21 | Create | Villager (Male) |
| 2:21 | Create | Villager (Male) |
| 2:26 | Build | House |
| 2:35 | Build | Mining Camp |
| 2:41 | Research | Double-Bit Axe |
| 2:45 | Research | Horse Collar |
| 2:59 | Create | Villager (Male) |
| 2:59 | Create | Villager (Male) |
| 3:04 | Build | House |
| 3:19 | Create | Villager (Male) |
| 3:35 | Build | Farm |
| 3:39 | Build | House |
| 3:51 | Build | Farm |
| 4:09 | Create | Villager (Male) |
| 4:09 | Create | Villager (Male) |
| 4:10 | Create | Villager (Male) |
| 4:15 | Build | Farm |
| 4:36 | Build | Farm |
| 4:41 | Build | Farm |
| 5:05 | Build | Farm |
| 5:13 | Create | Skirmisher |
| 5:13 | Create | Skirmisher |
| 5:13 | Create | Skirmisher |
| 5:17 | Create | Skirmisher |
| 5:21 | Create | Spearman |
| 5:22 | Create | Spearman |
| 5:22 | Create | Spearman |
| 5:23 | Create | Spearman |
| 5:31 | Build | Farm |
| 5:38 | Build | Farm |
| 5:43 | Create | Villager (Male) |
| 5:50 | Build | Farm |
| 6:17 | Build | Farm |
| 6:23 | Build | Farm |
| 6:28 | Build | Farm |
| 6:32 | Build | Farm |
| 6:47 | Build | Farm |
| 6:50 | Research | Wheelbarrow |
| 6:59 | Build | Market |
| 7:41 | Create | Skirmisher |
| 7:41 | Create | Skirmisher |
| 7:41 | Create | Skirmisher |
| 7:42 | Create | Skirmisher |
| 7:47 | Create | Spearman |
| 7:47 | Create | Spearman |
| 7:47 | Create | Spearman |
| 8:35 | Research | Castle Age |
| 8:46 | Build | Stable |
| 9:19 | Build | House |
| 9:23 | Create | Skirmisher |
| 9:25 | Create | Skirmisher |
| 9:26 | Create | Skirmisher |
| 9:38 | Research | Forging |
| 9:39 | Research | Padded Archer Armor |
| 9:39 | Research | Fletching |
| 9:49 | Build | Farm |
| 10:30 | Build | House |
| 10:34 | Research | Scale Barding Armor |
| 10:37 | Research | Gold Mining |
| 10:38 | Research | Stone Mining |
| 11:15 | Age | Castle Age |
| 11:25 | Build | Monastery |
| 11:47 | Create | Knight |
| 11:47 | Create | Knight |
| 11:47 | Create | Knight |
| 11:47 | Create | Knight |
| 11:48 | Create | Knight |
| 11:48 | Create | Knight |
| 11:48 | Create | Knight |
| 11:48 | Create | Knight |
| 11:56 | Build | House |
| 12:00 | Create | Villager (Male) |
| 12:00 | Create | Villager (Male) |
| 12:01 | Create | Villager (Male) |
| 12:01 | Create | Villager (Male) |
| 12:01 | Create | Villager (Male) |
| 12:22 | Research | Pikeman (upgrade) |
| 12:22 | Research | Squires |
| 13:07 | Create | Villager (Male) |
| 13:07 | Create | Villager (Male) |
| 13:47 | Build | Stone Wall |
| 13:55 | Build | Lumber Camp |
| 13:59 | Create | Villager (Male) |
| 14:10 | Build | Stone Wall |
| 14:19 | Build | Stone Wall |
| 14:28 | Build | Lumber Camp |
| 14:36 | Research | Heavy Plow |
| 14:40 | Research | Bow Saw |
| 15:27 | Create | Villager (Male) |
| 15:27 | Create | Villager (Male) |
| 15:27 | Create | Villager (Male) |
| 15:27 | Create | Villager (Male) |
| 15:27 | Create | Villager (Male) |
| 15:28 | Create | Villager (Male) |
| 15:49 | Research | Elite Skirmisher (upgrade) |
| 15:51 | Create | Skirmisher |
| 15:52 | Create | Skirmisher |
| 15:52 | Create | Skirmisher |
| 15:52 | Create | Skirmisher |
| 15:58 | Create | Spearman |
| 15:58 | Create | Spearman |
| 15:58 | Create | Spearman |
| 16:44 | Create | Villager (Male) |
| 16:44 | Create | Villager (Male) |
| 17:01 | Build | Gate |
| 17:05 | Create | Monk |
| 17:05 | Create | Monk |
| 17:17 | Create | Spearman |
| 17:17 | Create | Spearman |
| 17:17 | Create | Spearman |
| 17:24 | Research | Iron Casting |
| 17:25 | Research | Chain Barding Armor |
| 17:34 | Create | Villager (Male) |
| 17:34 | Create | Villager (Male) |
| 17:34 | Create | Villager (Male) |
| 18:06 | Build | House |
| 18:12 | Create | Knight |
| 18:12 | Create | Knight |
| 18:12 | Create | Knight |
| 18:13 | Research | Husbandry |
| 18:17 | Create | Knight |
| 18:17 | Create | Knight |
| 18:17 | Create | Knight |
| 18:27 | Research | Gold Shaft Mining |
| 18:52 | Build | Mining Camp |
| 18:56 | Create | Villager (Male) |
| 18:56 | Create | Villager (Male) |
| 19:02 | Build | House |
| 19:17 | Build | House |
| 19:48 | Build | Castle |
| 20:18 | Create | Knight |
Build order — oaoaoa1986
90 actions detected in the replay
| 0:09 | Create | Villager (Male) |
| 0:11 | Create | Villager (Male) |
| 0:29 | Research | Double-Bit Axe |
| 0:36 | Create | Villager (Male) |
| 0:36 | Create | Villager (Male) |
| 0:45 | Build | House |
| 0:47 | Build | House |
| 0:49 | Build | House |
| 1:33 | Research | Wheelbarrow |
| 1:53 | Build | Stable |
| 2:03 | Create | Villager (Male) ×3 |
| 2:24 | Create | Villager (Male) ×2 |
| 2:24 | Create | Villager (Male) ×2 |
| 2:48 | Build | Mining Camp |
| 3:02 | Create | Scout Cavalry |
| 3:27 | Build | Mill |
| 3:47 | Build | Farm |
| 3:49 | Build | Farm |
| 3:50 | Build | Farm |
| 3:51 | Build | Farm |
| 3:57 | Build | Farm |
| 3:59 | Build | Farm |
| 4:40 | Research | Horse Collar |
| 4:49 | Create | Villager (Male) |
| 5:22 | Create | Villager (Male) |
| 6:07 | Build | Mill |
| 6:20 | Research | Castle Age |
| 6:53 | Research | Stone Mining |
| 6:57 | Research | Gold Mining |
| 7:47 | Build | Lumber Camp |
| 9:00 | Age | Castle Age |
| 9:07 | Build | Town Center |
| 9:15 | Research | Hand Cart |
| 9:44 | Build | Town Center |
| 9:55 | Research | Husbandry |
| 9:58 | Research | Bloodlines |
| 9:58 | Research | Light Cavalry (upgrade) |
| 10:11 | Build | Archery Range |
| 10:22 | Create | Villager (Male) ×5 |
| 10:56 | Create | Cavalry Archer ×5 |
| 11:26 | Build | Archery Range |
| 11:27 | Build | Archery Range |
| 11:52 | Create | Cavalry Archer ×3 |
| 12:03 | Create | Villager (Male) ×5 |
| 12:41 | Create | Cavalry Archer ×3 |
| 12:51 | Create | Villager (Male) ×5 |
| 12:51 | Create | Villager (Male) ×5 |
| 13:41 | Create | Villager (Male) ×5 |
| 13:41 | Create | Villager (Male) ×5 |
| 13:55 | Build | House |
| 13:55 | Build | House |
| 13:56 | Build | House |
| 13:56 | Build | House |
| 13:56 | Build | House |
| 13:56 | Build | House |
| 13:57 | Build | House |
| 13:57 | Build | House |
| 13:57 | Build | House |
| 13:57 | Build | House |
| 13:59 | Build | House |
| 13:59 | Build | House |
| 14:01 | Build | House |
| 14:01 | Build | House |
| 14:01 | Build | House |
| 14:02 | Build | House |
| 14:02 | Build | House |
| 14:03 | Build | House |
| 15:12 | Create | Cavalry Archer ×5 |
| 15:13 | Create | Cavalry Archer ×5 |
| 15:13 | Create | Cavalry Archer ×3 |
| 15:22 | Create | Villager (Male) ×5 |
| 15:22 | Create | Villager (Male) ×5 |
| 15:23 | Create | Villager (Male) |
| 15:23 | Create | Villager (Male) |
| 17:01 | Create | Cavalry Archer ×5 |
| 17:02 | Create | Cavalry Archer ×5 |
| 17:02 | Create | Cavalry Archer ×4 |
| 17:15 | Create | Villager (Male) ×5 |
| 17:15 | Create | Villager (Male) ×5 |
| 17:16 | Create | Villager (Male) ×5 |
| 17:16 | Create | Villager (Male) ×4 |
| 17:35 | Build | Monastery |
| 17:39 | Build | Monastery |
| 20:53 | Create | Spearman ×5 |
| 22:41 | Research | Pikeman (upgrade) |
| 23:16 | Create | Spearman |
| 23:17 | Create | Spearman |
| 25:01 | Create | Monk ×5 |
| 26:07 | Create | Spearman ×3 |
| 26:07 | Create | Spearman ×3 |
Build order — 大D
First 150 of 213 actions detected
| 0:18 | Create | Villager (Male) |
| 0:18 | Create | Villager (Male) |
| 0:35 | Build | Dock |
| 0:42 | Create | Villager (Male) |
| 0:55 | Build | House |
| 0:57 | Build | House |
| 0:59 | Build | House |
| 1:06 | Create | Villager (Male) |
| 1:33 | Build | Dock |
| 1:49 | Build | House |
| 1:52 | Create | Villager (Male) |
| 1:52 | Create | Villager (Male) |
| 2:01 | Build | House |
| 2:24 | Create | Fishing Ship |
| 2:25 | Create | Fishing Ship |
| 2:25 | Create | Fishing Ship |
| 2:41 | Build | House |
| 2:46 | Build | House |
| 2:50 | Build | House |
| 2:53 | Build | House |
| 3:02 | Create | Villager (Male) |
| 3:02 | Create | Villager (Male) |
| 3:16 | Build | Lumber Camp |
| 3:19 | Research | Double-Bit Axe |
| 3:27 | Create | Fishing Ship |
| 3:53 | Research | Tech 906 |
| 4:00 | Create | Fishing Ship |
| 4:09 | Create | Villager (Male) |
| 4:37 | Build | House |
| 4:39 | Build | House |
| 4:40 | Build | House |
| 4:46 | Build | House |
| 4:50 | Build | House |
| 4:53 | Create | Villager (Male) |
| 4:54 | Create | Villager (Male) |
| 5:04 | Build | Mining Camp |
| 5:08 | Create | Fishing Ship |
| 5:08 | Create | Fishing Ship |
| 5:13 | Create | Fishing Ship |
| 5:14 | Create | Fishing Ship |
| 5:52 | Create | Villager (Male) |
| 5:52 | Create | Villager (Male) |
| 6:06 | Build | House |
| 6:08 | Build | House |
| 6:25 | Build | House |
| 6:28 | Build | House |
| 6:30 | Build | House |
| 6:32 | Create | Villager (Male) |
| 6:32 | Create | Villager (Male) |
| 6:41 | Create | Fishing Ship |
| 6:42 | Create | Fishing Ship |
| 7:01 | Create | Villager (Male) |
| 7:12 | Create | Fishing Ship ×5 |
| 7:13 | Create | Fishing Ship ×5 |
| 7:31 | Build | Stone Wall |
| 7:34 | Create | Villager (Male) |
| 7:52 | Build | Stable |
| 8:08 | Build | Fish Trap |
| 8:11 | Build | Fish Trap |
| 8:14 | Build | Fish Trap |
| 8:41 | Build | House |
| 8:43 | Build | House |
| 8:45 | Create | Villager (Male) |
| 8:45 | Create | Villager (Male) |
| 8:48 | Research | Castle Age |
| 9:06 | Build | Stable |
| 9:18 | Create | Villager (Male) |
| 9:33 | Build | Dock |
| 9:45 | Build | Fish Trap |
| 9:54 | Create | Villager (Male) |
| 10:00 | Research | Wheelbarrow |
| 10:13 | Build | Mining Camp |
| 10:16 | Create | Villager (Male) |
| 10:46 | Age | Castle Age |
| 10:56 | Build | House |
| 11:00 | Build | House |
| 11:01 | Build | House |
| 11:04 | Create | Villager (Male) |
| 11:13 | Build | Town Center |
| 11:38 | Build | Castle |
| 11:42 | Research | Husbandry |
| 11:46 | Create | Battle Elephant |
| 11:46 | Create | Battle Elephant |
| 11:50 | Research | Husbandry |
| 11:58 | Create | Villager (Male) |
| 12:00 | Create | Villager (Male) |
| 12:00 | Create | Villager (Male) |
| 12:03 | Create | Villager (Male) |
| 12:17 | Build | Town Center |
| 12:31 | Build | Fish Trap |
| 13:05 | Research | Gold Mining |
| 13:14 | Create | Villager (Male) |
| 13:14 | Create | Villager (Male) |
| 13:16 | Create | Villager (Male) |
| 13:22 | Create | Villager (Male) |
| 13:22 | Create | Villager (Male) |
| 13:31 | Research | Bow Saw |
| 13:38 | Research | Gold Shaft Mining |
| 13:42 | Create | Villager (Male) |
| 13:42 | Create | Villager (Male) |
| 13:57 | Create | Battle Elephant |
| 13:58 | Create | Battle Elephant |
| 14:00 | Create | Battle Elephant |
| 14:10 | Build | Stable |
| 14:17 | Build | Stable |
| 14:26 | Research | Scale Barding Armor |
| 14:30 | Create | Villager (Male) |
| 14:30 | Create | Villager (Male) |
| 14:33 | Create | Villager (Male) |
| 14:46 | Build | Fish Trap |
| 14:48 | Build | Fish Trap |
| 14:50 | Build | Fish Trap |
| 14:52 | Build | Fish Trap |
| 14:56 | Build | Fish Trap |
| 14:59 | Build | Fish Trap |
| 15:02 | Build | Fish Trap |
| 15:04 | Build | Fish Trap |
| 15:07 | Build | Fish Trap |
| 15:09 | Build | Fish Trap |
| 15:11 | Build | Fish Trap |
| 15:17 | Build | Fish Trap |
| 15:28 | Build | Fish Trap |
| 15:33 | Build | Fish Trap |
| 15:36 | Build | Fish Trap |
| 15:50 | Build | Mining Camp |
| 15:58 | Build | Mining Camp |
| 15:59 | Create | Villager (Male) |
| 15:59 | Create | Villager (Male) |
| 16:01 | Create | Villager (Male) |
| 16:01 | Create | Villager (Male) |
| 16:52 | Create | Battle Elephant ×4 |
| 16:52 | Create | Battle Elephant ×4 |
| 17:18 | Build | Market |
| 17:22 | Build | University |
| 17:30 | Build | Monastery |
| 17:34 | Create | Villager (Male) |
| 17:34 | Create | Villager (Male) |
| 17:36 | Create | Villager (Male) |
| 17:36 | Create | Villager (Male) |
| 17:37 | Create | Villager (Male) |
| 17:37 | Create | Villager (Male) |
| 18:26 | Research | Hand Cart |
| 18:28 | Create | Villager (Male) |
| 18:28 | Create | Villager (Male) |
| 18:30 | Create | Villager (Male) |
| 18:58 | Build | Mining Camp |
| 19:01 | Build | Fish Trap |
| 19:06 | Create | Fishing Ship ×5 |
| 19:06 | Create | Fishing Ship ×5 |
| 19:14 | Build | Fish Trap |
Match timeline
| 0:32 | FerDiehl · first_building Stable |
| 0:35 | 大D · first_building Dock |
| 0:44 | confusedmormon · wall_segment Stone Wall x14 |
| 0:45 | FerDiehl · wall_segment Palisade Wall x8 |
| 1:13 | confusedmormon · wall_segment Stone Wall x4 |
| 1:23 | confusedmormon · wall_segment Stone Wall x16 |
| 1:53 | oaoaoa1986 · first_building Stable |
| 1:56 | FerDiehl · wall_segment Palisade Wall x1 |
| 2:03 | 2100 · first_building Archery Range |
| 2:47 | confusedmormon · wall_segment Stone Wall x11 |
| 4:03 | EricRam7475 · first_building Stable |
| 6:17 | FerDiehl · first_building Dock |
| 7:28 | FerDiehl · wall_segment Palisade Wall x1 |
| 7:31 | 大D · wall_segment Stone Wall x20 |
| 7:31 | FerDiehl · wall_segment Palisade Wall x17 |
| 7:52 | 大D · first_building Stable |
| 8:37 | confusedmormon · first_building Stable |
| 8:46 | 2100 · first_building Stable |
| 9:00 | oaoaoa1986 · age_up castle |
| 10:11 | oaoaoa1986 · first_building Archery Range |
| 10:23 | EricRam7475 · first_market_buy 100 stone |
| 10:46 | 大D · age_up castle |
| 11:15 | 2100 · age_up castle |
| 11:25 | 2100 · first_building Monastery |
| 11:27 | FerDiehl · age_up castle |
| 11:32 | FerDiehl · first_building Castle |
| 11:38 | 大D · first_building Castle |
| 11:51 | confusedmormon · age_up castle |
| 12:45 | EricRam7475 · first_market_sell 100 wood |
| 12:46 | FerDiehl · first_market_sell 100 stone |
| 12:47 | FerDiehl · first_market_buy 100 wood |
| 13:47 | 2100 · wall_segment Stone Wall x23 |
| 14:10 | 2100 · wall_segment Stone Wall x4 |
| 14:19 | 2100 · wall_segment Stone Wall x16 |
| 17:30 | 大D · first_building Monastery |
| 17:35 | oaoaoa1986 · first_building Monastery |
| 19:48 | 2100 · first_building Castle |
| 20:00 | 2100 · first_market_sell 100 wood |
| 20:53 | 2100 · first_building Siege Workshop |
| 21:34 | confusedmormon · first_building Archery Range |
| 23:28 | confusedmormon · first_market_sell 100 food |
| 24:48 | confusedmormon · first_market_buy 100 stone |
| 24:58 | confusedmormon · first_building Castle |
| 25:09 | 2100 · age_up imperial |
| 25:12 | 大D · age_up imperial |
| 27:03 | 大D · first_building Barracks |
| 27:06 | oaoaoa1986 · resign |
[ AI ANALYSIS · 1 CREDIT ]
What really happened in this match?
Wolo.gg analyzes every decision: build order, eco, micro, common mistakes by bracket. Personalized analysis on WhatsApp or Discord in 30 seconds.
Civ guide
Wei
Perfil
Jugador #860183